 Dungeon Sprint DCSS version 0.31-a0-986-g5e6e4ef867 (webtiles) character file.

Game seed: 13712916508427581681

3736 rocky1 the Martial Artist (level 10, -1/63 HPs)
             Began as an Octopode Shapeshifter on Nov 14, 2023.
             Was an Initiate of Gozag.
             Slain by an unseen horror (6 damage)
             ... in the Dungeon (Sprint III: "The Ten Rune Challenge").
             The game lasted 00:05:47 (1907 turns).

rocky1 the Martial Artist (Octopode Shapeshifter)   Turns: 1907, Time: 00:05:48

Health: -1/63      AC:  1    Str: 13    XL:     10   Next: 15%
Magic:  10/10      EV: 16    Int: 13    God:    Gozag
Gold:   342        SH:  0    Dex: 16    Spells: 9/9 levels left

rFire   . .          .
                       - Unarmed
rCold   . . .        (shield currently unavailable)
rNeg    . . .        (helmet restricted)
rPois   .            (no amulet)
rElec   .            (no ring)
rCorr   .            (no ring)
SInv    .            (no ring)
Will    .....        (no ring)
Stlth   +++          (no ring)
HPRegen 0.30/turn    (no ring)
MPRegen 0.12/turn    (no ring)
                     (no ring)

%: no teleportation
@: flux-form, gold aura, glowing
A: glow, contaminating, almost no armour, amphibious, 8 rings, camouflage 1,
gelatinous body 1, (nimble swimmer 1), tentacles, tentacle spike 1
a: Begin Untransformation, Renounce Religion, Potion Petition, Call Merchant,
Bribe Branch


You were in the Dungeon.
You worshipped Gozag.
Gozag was aware of your devotion.
You were something dangerously unstable.
You visited 1 branch You collected 5516 gold pieces.
You spent 1580 gold pieces at shops.
You paid 3594 gold pieces to Gozag.

Inventory:

Talismans
 b - a beast talisman
 c - a flux talisman (active)
Scrolls
 i - a scroll of blinking
 k - a scroll of poison {unknown}
 l - 3 scrolls of identify
 n - a scroll of immolation {unknown}
Potions
 d - 9 potions of curing
 e - 2 potions of heal wounds
 f - 7 potions of haste
 g - 2 potions of magic
 h - 2 potions of berserk rage
 j - 6 potions of mutation
 m - 3 potions of enlightenment
 o - a potion of might
 p - a potion of invisibility
 q - a potion of resistance
 r - 2 potions of lignification
Miscellaneous
 a - a condenser vane


   Skills:
 + Level 3.3 Fighting
 + Level 6.9 Dodging
 + Level 11.9 Stealth
 + Level 14.9 Unarmed Combat
 * Level 9.6 Evocations
 + Level 10.8 Shapeshifting


You had 9 spell levels left.
You didn't know any spells.
Your spell library contained the following spells:

 Spells                   Type           Power      Damage    Failure   Level
 Scorch                   Fire           0%         2d5       43%         2
 Flame Wave               Conj/Fire      0%         2d4       97%         4
 Summon Cactus Giant      Summ           0%         N/A       100%        6


Dungeon Overview and Level Annotations

Branches:
Dungeon (1/1)

Altars:
Cheibriados
Dithmenos
Elyvilon
Fedhas
Gozag
Hepliaklqana
Kikubaaqudgha
Makhleb
Nemelex Xobeh
Okawaru
Qazlal
Ru
Sif Muna
Trog
Uskayaw
Vehumet
Wu Jian
Xom
Yredelemnul
Zin
The Shining One
Jiyva
Lugonu

Shops:
D !*:!!


Innate Abilities, Weirdness & Mutations

You are something dangerously unstable.
You glow with magical radiation, making you easy to see and hit.
Foes you strike become dangerously contaminated with magical radiation.
You are incapable of wielding weapons or throwing items.
You cannot wear most types of armour.
You are amphibious.
You can wear up to eight rings at the same time.
Your skin changes colour to match your surroundings (Stealth+).
Your rubbery body absorbs attacks. (AC +1, EV +1)
((You are camouflaged when in or above water. (Stealth+)))
You have tentacles for arms and can constrict up to eight enemies at once.
One of your tentacles bears a spike.


Message History

The unseen horror hits you.
The unseen horror struggles to escape constriction.
You bludgeon the unseen horror!
The unseen horror glows dangerously bright.
You pierce the unseen horror, but do no damage.
The unseen horror is moderately wounded.
You constrict the unseen horror. Something hits you.
The unseen horror hits you! Something hits you!
The unseen horror escapes!
Unknown command.
You bludgeon the unseen horror!
The unseen horror shudders as magic cascades through it!!
You kill the unseen horror!
Reactivating autopickup.
Something hits you!
Deactivating autopickup; reactivate with Ctrl-A.
You see here 45 gold pieces.
Unknown command.
Something hits you! Something barely misses you. Something hits you.
* * * LOW HITPOINT WARNING * * *
You feel much better. Something hits you.
Unknown command.
Something hits you.
You see here 45 gold pieces.
Something hits you! x2
You completely miss something.
You pierce something.
Something hits you!
* * * LOW HITPOINT WARNING * * *
Unknown command.
You feel much better.
Unknown command.
You miss something.
Your tentacle spike misses something.
Your squeeze misses something. Something hits you! Something hits you!
* * * LOW HITPOINT WARNING * * *
You closely miss something.
Your tentacle spike misses something.
Something hits you!
* * * LOW HITPOINT WARNING * * *
Something hits you.
You die...
Your body crumbles into a pile of gold.

#)∩##.##...#
#)#######..#
#'#####################
#..~~~'.#.'...+.#.#.#.+
#.#§§§#.#.#...##.#.#.##
'.#§§.#.#.#)..#.#.#.#.#
#.#.§§#...#)).##.#.#.#
▓▓▓▓▓▓▓▓▓▓▓▓▓▓#{#.#.#
##p#.#.# +.#.#.#.#
##$#.#.## #+#####


There were no monsters in sight!

Vanquished Creatures
  Snorg (D)
  A centaur warrior (D)
  A deep elf pyromancer (D)
  An orc sorcerer (D)
  An unseen horror (D)
  A shadow (D)
  A spatial vortex (D)
  An orc warrior (D)
  2 centaurs (D)
  An earth elemental (D)
  A necrophage (D)
  A water elemental (D)
  Crazy Yiuf (D)
  A jelly (D)
  An arcanist (D)
  5 orc priests (D)
  Jessica (D)
  A necromancer (D)
  2 orc wizards (D)
  3 humans (D)
  A kobold demonologist (D)
  9 orcs (D)
  2 endoplasms (D)
  A rat (D)
41 creatures vanquished.

Notes
Turn   | Place    | Note
-------+----------+-------------------------------------------
     0 | D        | rocky1 the Octopode Shapeshifter began the quest for the
                  | Orb.
     0 | D        | Reached XP level 1. HP: 13/13 MP: 1/1
    32 | D        | Noticed Jessica
    36 | D        | Killed Jessica
    37 | D        | Reached skill level 5 in Unarmed Combat
    37 | D        | Reached XP level 2. HP: 18/18 MP: 2/2
    37 | D        | Reached XP level 3. HP: 23/23 MP: 3/3
    56 | D        | Noticed Crazy Yiuf
    66 | D        | Killed Crazy Yiuf
    67 | D        | Reached skill level 5 in Shapeshifting
    67 | D        | Reached XP level 4. HP: 19/28 MP: 4/4
    72 | D        | Reached skill level 1 in Stealth
    72 | D        | Reached skill level 6 in Unarmed Combat
   153 | D        | Gained mutation: One of your tentacles bears a spike.
                  | [potion of mutation]
   242 | D        | Noticed a water elemental
   255 | D        | Killed a water elemental
   256 | D        | Reached skill level 7 in Unarmed Combat
   256 | D        | Reached XP level 5. HP: 33/33 MP: 5/5
   578 | D        | Noticed a shadow
   581 | D        | Killed a shadow
   582 | D        | Reached skill level 9 in Unarmed Combat
   582 | D        | Reached XP level 6. HP: 29/38 MP: 6/6
   721 | D        | Found a blossoming altar of Fedhas.
   721 | D        | Found a stormy altar of Qazlal.
   721 | D        | Found a snail-covered altar of Cheibriados.
   721 | D        | Found a burning altar of Makhleb.
   721 | D        | Found a shimmering altar of Xom.
   721 | D        | Noticed a spatial vortex
   722 | D        | Found a hazy altar of Hepliaklqana.
   722 | D        | Found an opulent altar of Gozag.
   722 | D        | Found a sparkling altar of Nemelex Xobeh.
   722 | D        | Found a corrupted altar of Lugonu.
   722 | D        | Found a viscous altar of Jiyva.
   730 | D        | Killed a spatial vortex
   731 | D        | Reached skill level 5 in Stealth
   731 | D        | Reached skill level 10 in Unarmed Combat
   731 | D        | Reached XP level 7. HP: 39/44 MP: 7/7
   732 | D        | Became a worshipper of Gozag Ym Sagoz the Greedy
   755 | D        | Found a basalt altar of Yredelemnul.
   755 | D        | Found a shadowy altar of Dithmenos.
   755 | D        | Found a sacrificial altar of Ru.
   972 | D        | Found a radiant altar of Vehumet.
   972 | D        | Found a shimmering blue altar of Sif Muna.
   972 | D        | Found an ancient bone altar of Kikubaaqudgha.
   999 | D        | Found a glowing silver altar of Zin.
   999 | D        | Found a glowing golden altar of the Shining One.
   999 | D        | Found a white marble altar of Elyvilon.
  1000 | D        | Noticed a deep elf pyromancer
  1004 | D        | Killed a deep elf pyromancer
  1005 | D        | Reached skill level 5 in Dodging
  1005 | D        | Reached skill level 11 in Unarmed Combat
  1005 | D        | Reached skill level 5 in Evocations
  1005 | D        | Reached XP level 8. HP: 45/50 MP: 8/8
  1023 | D        | Found a hide-covered altar of Uskayaw.
  1023 | D        | Found an iron altar of Okawaru.
  1023 | D        | Found a bloodstained altar of Trog.
  1023 | D        | Found an ornate altar of the Wu Jian Council.
  1032 | D        | Reached skill level 12 in Unarmed Combat
  1032 | D        | Reached skill level 10 in Shapeshifting
  1231 | D        | Noticed Snorg
  1244 | D        | Killed Snorg
  1245 | D        | Reached skill level 13 in Unarmed Combat
  1245 | D        | Reached XP level 9. HP: 27/55 MP: 9/9
  1559 | D        | Found Idakaken's Distillery.
  1561 | D        | Noticed an orc sorcerer
  1568 | D        | Killed an orc sorcerer
  1569 | D        | Reached skill level 10 in Stealth
  1576 | D        | Reached skill level 14 in Unarmed Combat
  1685 | D        | Bought a potion of haste for 100 gold pieces
  1685 | D        | Bought a potion of berserk rage for 50 gold pieces
  1685 | D        | Bought a potion of might for 40 gold pieces
  1685 | D        | Bought a potion of invisibility for 80 gold pieces
  1685 | D        | Bought 2 potions of haste for 200 gold pieces
  1685 | D        | Bought a potion of heal wounds for 50 gold pieces
  1685 | D        | Bought a potion of resistance for 100 gold pieces
  1701 | D        | Bought a potion of curing for 30 gold pieces
  1701 | D        | Bought a potion of enlightenment for 50 gold pieces
  1701 | D        | Bought a potion of curing for 30 gold pieces
  1701 | D        | Bought a potion of mutation for 80 gold pieces
  1701 | D        | Bought a potion of heal wounds for 50 gold pieces
  1708 | D        | Bought a potion of haste for 150 gold pieces
  1708 | D        | Bought a potion of curing for 45 gold pieces
  1708 | D        | Bought 2 potions of lignification for 90 gold pieces
  1708 | D        | Bought a potion of curing for 45 gold pieces
  1708 | D        | Bought a potion of curing for 45 gold pieces
  1708 | D        | Bought 2 potions of haste for 300 gold pieces
  1708 | D        | Bought a potion of curing for 45 gold pieces
  1730 | D        | Noticed a centaur warrior
  1738 | D        | Killed a centaur warrior
  1739 | D        | Reached XP level 10. HP: 22/63 MP: 10/10
  1891 | D        | Noticed an unseen horror
  1895 | D        | Killed an unseen horror
  1907 | D        | Slain by an unseen horror

Illustrated notes

Levels and vault maps discovered:
D:        dungeon_sprint_mu [sprint_mu_entry_forest, sprint_mu_temple_rooms,
          sprint_mu_d1_horrors, sprint_mu_d2_genie, sprint_mu_d3_branching,
          sprint_mu_orc_legion, sprint_mu_elf_gauntlet, sprint_mu_hive_nellie,
          sprint_mu_lair_fedhas, sprint_mu_vaults_butterflies,
          sprint_mu_slime_circle, sprint_mu_swamp_cave, sprint_mu_snake_twists,
          sprint_mu_blade_basic, sprint_mu_crypt_chambers,
          sprint_mu_tomb_spiral, sprint_mu_vestibule_basic,
          sprint_mu_gehenna_hellfire, sprint_mu_dis_giant,
          sprint_mu_tartarus_statrot, sprint_mu_cocytus_islands, sprint_mu_zot1]

Skill      XL: |  1  2  3  4  5  6  7  8  9 |
---------------+----------------------------+-----
Unarmed Combat | 5 7 9 10 11 13 14 | 14.9
Shapeshifting  | 4 5 6 8 9 10 | 10.8
Stealth        | 1 3 5 7 9 11 | 11.9
Dodging        | 3 4 5 6 |  6.9
Evocations     | 2 5 7 9 |  9.6
Fighting       | 2 3 |  3.3

Action                     |  1- 3 |  4- 6 |  7- 9 | 10-12 || total
---------------------------+-------+-------+-------+-------++-------
  Melee: Unarmed           |    12 |    23 |    49 |     9 ||    93
         Constrict         |     3 |     1 |     9 |     1 ||    14
         Tentacles         |     3 |     6 |    12 |     2 ||    23
         Kick              |       |     4 |    21 |     3 ||    28
         Punch             |       |       |     4 |       ||     4
 Invoke: Call Merchant     |       |       |     4 |       ||     4
  Evoke: Condenser vane    |       |       |     3 |       ||     3
    Use: Potion            |       |     2 |       |     2 ||     4
   Stab: Sleeping          |     1 |     2 |     6 |       ||     9
 Armour: Skin              |     1 |    11 |    33 |    17 ||    62
  Dodge: Dodged            |     2 |     2 |    29 |     4 ||    37
   Form: Flux              |       |       |       |     1 ||     1

Table legend: (Time is in decaauts)
 A = Elapsed time spent in this place.
 B = Non-inter-level travel time spent in this place.
 C = Inter-level travel time spent in this place.
 D = Time resting spent in this place.
 E = Time spent auto-exploring this place.
 F = Levels seen in this place.
 G = Mean time per level.
                   A        B        C        D        E       F      G
               +--------+--------+--------+--------+--------+-----+--------+
         Total |   1889 |   1889 |      0 |   1358 |     25 |   1 | 1889.0 |
       Dungeon |   1889 |   1889 |      0 |   1358 |     25 |   1 | 1889.0 |
               +--------+--------+--------+--------+--------+-----+--------+

Top non-repeatable levels by time:
       D: 1889 daAuts
